 Dungeon Crawl Stone Soup version 0.19.5 (webtiles) character file.

327 Kahsius the Shield-Bearer (level 6, -4/38 HPs)
             Began as a Gargoyle Fighter on Mar 1, 2017.
             Was an Initiate of Qazlal.
             Slain by Kahsius's ghost (7 damage)
             ... on level 4 of the Dungeon.
             The game lasted 00:15:43 (2728 turns).

Kahsius the Shield-Bearer (Gargoyle Fighter)        Turns: 2728, Time: 00:15:44

Health: -4/38      AC: 11    Str: 21    XL:     6   Next: 50%
Magic:  6/6        EV:  8    Int:  9    God:    Qazlal [......]
Gold:   22         SH: 10    Dex: 15    Spells: 0 memorised, 5 levels left

rFire  . . .     SeeInvis .     a - +0 flail
rCold  . . .     Gourm    .     b - +0 scale mail
rNeg   + . .     Faith    .     c - +0 shield
rPois  ∞         Spirit   .     (no helmet)
rElec  +         Reflect  .     (no cloak)
rCorr  .         Harm     .     (no gloves)
MR     .....                    (no boots)
Stlth  ..........               (no amulet)
                                (no ring)
                                t - +6 ring of dexterity

@: no status effects
A: negative energy resistance 1, electricity resistance, unbreathing,
petrification resistance, rot immunity, AC +4
a: Renounce Religion


You were on level 4 of the Dungeon.
You worshipped Qazlal.
Qazlal was noncommittal.
You were not hungry.

You visited 1 branch of the dungeon, and saw 4 of its levels.

You collected 22 gold pieces.

Inventory:

Hand Weapons
 a - a +0 flail (weapon)
 l - a cursed -3 dagger
 n - a +0 dagger
 p - a +0 short sword
 s - a cursed -1 mace
 u - a +0 mace
 w - a +0 whip
Missiles
 g - 16 bolts
 i - 72 stones (quivered)
Armour
 b - a +0 scale mail (worn)
 c - a +0 shield (worn)
 e - a +0 buckler
 h - a +0 leather armour
 j - a +0 ring mail
 q - a +0 ring mail
 r - a +0 robe
 v - a cursed +0 scale mail
Jewellery
 t - a +6 ring of dexterity (left hand)
Wands
 x - a wand of acid (8/15)
Scrolls
 k - 2 scrolls of identify
Potions
 d - 2 potions of might
Comestibles
 f - 3 bread rations
 m - a slice of pizza
 o - 4 fruits


   Skills:
 + Level 4.2 Fighting
 + Level 4.2 Maces & Flails
 + Level 4.2 Armour
 + Level 1.0 Dodging
 + Level 0.2 Stealth
 + Level 4.8 Shields


You had 5 spell levels left.
You didn't know any spells.

Dungeon Overview and Level Annotations

Branches:
Dungeon (4/15)
 Temple: D:4-7

Altars:
Elyvilon
Qazlal
The Shining One

Annotations:
D:3 Robin
D:4 Kahsius's ghost, amateur GrFi


Innate Abilities, Weirdness & Mutations

You are resistant to torment.
Your stone body is resilient. (AC +4)
You are immune to poison.
You resist negative energy. (rN+)
You are resistant to electric shocks. (rElec)
You can survive without breathing.
You are immune to petrification.
You are immune to rotting.


Message History

You barely miss Kahsius's ghost. You block Kahsius's ghost's attack. x2
You closely miss Kahsius's ghost. You block Kahsius's ghost's attack.
You barely miss Kahsius's ghost. Kahsius's ghost hits you.
Your shield and scale mail prevent you from hitting Kahsius's ghost.
Kahsius's ghost hits you but does no damage.
Kahsius's ghost says, "They lied to you.
The Dungeon just goes down and down forever."
Kahsius's ghost hits you!
You hit Kahsius's ghost but do no damage.
Kahsius's ghost hits you but does no damage.
Your shield and scale mail prevent you from hitting Kahsius's ghost.
Kahsius's ghost hits you but does no damage.
You sock Kahsius's ghost!
Kahsius's ghost is moderately damaged.
Kahsius's ghost hits you but does no damage.
You hit Kahsius's ghost.
Kahsius's ghost is moderately damaged.
Kahsius's ghost hits you!
* * * LOW HITPOINT WARNING * * *
Kahsius's ghost hits you!
You die...

#.# #.# #.# # ...
#.# .#
#.###.######.#
#.#..).......#
#.#.#).....#.
#.#.#...#..#
#.#.#...#.@#
#.#.#.#.#.W#
#.#.#.#.#..#
#.#.#.#.#...
##+####.#.#.#.#...#
........#.#.#.#...#
....(.....#.# ....#
........###.# #.#..
........#


You could see Kahsius's ghost.

Vanquished Creatures
  The ghost of MirrMurr the Cudgeler, an amateur GrBe of Trog (D:3)
  3 hounds (D:4)
  Terence (D:2)
  3 gnolls (D:4)
  2 oozes (D:1)
  4 leopard geckos
  An orc (D:2)
  A ball python (D:1)
  A bat (D:1)
  4 giant cockroaches (D:1)
  6 hobgoblins
  4 jackals (D:1)
  A quokka (D:2)
  3 frilled lizards
  8 goblins
  5 kobolds
  7 rats
55 creatures vanquished.

Notes
Turn   | Place    | Note
-------+----------+-------------------------------------------
     0 | D:1      | Kahsius the Gargoyle Fighter began the quest for the Orb.
     0 | D:1      | Reached XP level 1. HP: 14/14 MP: 1/1
    70 | D:1      | Reached XP level 2. HP: 17/19 MP: 2/2
   382 | D:1      | Reached XP level 3. HP: 22/23 MP: 3/3
  1144 | D:2      | Found a stormy altar of Qazlal.
  1157 | D:2      | Became a worshipper of Qazlal Stormbringer
  1282 | D:2      | Found a glowing golden altar of the Shining One.
  1541 | D:2      | Noticed Terence
  1547 | D:2      | Killed Terence
  1547 | D:2      | Reached XP level 4. HP: 23/29 MP: 4/4
  1951 | D:3      | Found a white marble altar of Elyvilon.
  1955 | D:3      | Noticed Robin
  2340 | D:3      | Noticed MirrMurr's ghost (amateur GrBe)
  2354 | D:3      | Killed MirrMurr's ghost
  2354 | D:3      | Reached XP level 5. HP: 8/33 MP: 5/5
  2397 | D:4      | Reached skill level 1 in Dodging
  2397 | D:4      | Reached XP level 6. HP: 7/38 MP: 6/6
  2715 | D:4      | Noticed Kahsius's ghost (amateur GrFi)
  2728 | D:4      | Slain by Kahsius's ghost

Skill      XL: |  1  2  3  4  5  6 |
---------------+-------------------+-----
Maces & Flails | 3 4 |  4.2
Shields        | 4 |  4.8
Fighting       | 4 |  4.2
Armour         | 4 |  4.2
Dodging        | 1 |  1.0
Stealth        | |  0.2

Action                   |  1- 3 |  4- 6 || total
-------------------------+-------+-------++-------
Melee: Flail             |   126 |    99 ||   225
  Use: Scroll            |     4 |     2 ||     6
       Potion            |       |     1 ||     1
  Eat: Bread ration      |     1 |     1 ||     2
Armor: Scale mail        |    59 |    61 ||   120
Dodge: Dodged            |    28 |    27 ||    55
Block: Shield            |    57 |    57 ||   114
